 Dungeon Crawl Stone Soup version 0.22-a0-368-g870eee8 (webtiles) character file.

61 Amnesiac the Magician (level 3, -1/26 HPs)
             Began as a Mummy Wizard on Apr 23, 2018.
             Slain by an orc
             ... wielding a +0 war axe
              (13 damage)
             ... on level 3 of the Dungeon.
             The game lasted 00:03:10 (1638 turns).

Amnesiac the Magician (Mummy Wizard)                Turns: 1638, Time: 00:03:11

Health: -1/26      AC:  2    Str: 10    XL:     3   Next: 83%
Magic:  0/8        EV: 12    Int: 18    God:
Gold:   132        SH:  0    Dex: 10    Spells: 1/10 levels left

rFire    x . .     SeeInvis .   h - +0 war axe
rCold    + . .     Gourm    .   (no shield)
rNeg     + + +     Faith    .   a - +0 robe
rPois    ∞         Spirit   .   (no helmet)
rElec    .         Reflect  .   (no cloak)
rCorr    .         Harm     .   (no gloves)
MR       .....                  (no boots)
Stlth    ++........             (no amulet)
HPRegen  0.08/turn              (no ring)
MPRegen  0.11/turn              (no ring)

@: very slightly contaminated
A: no food or potions, fire vulnerability, cold resistance 1, negative energy
resistance 3, torment resistance, unbreathing
a: no special abilities


You were on level 3 of the Dungeon.
You were not hungry.

You visited 1 branch of the dungeon, and saw 3 of its levels.

You collected 132 gold pieces.

Inventory:

Hand Weapons
 h - a +0 war axe (weapon)
Missiles
 c - 101 stones (quivered)
Armour
 a - a +0 robe (worn)
Scrolls
 d - 2 scrolls of teleportation {!r, unknown}
 e - a scroll of noise {!r, unknown}
 f - a scroll of enchant armour {!r, unknown}
 g - a scroll of remove curse {!r, unknown}


   Skills:
 + Level 1.4 Fighting
 * Level 2.7 Dodging
 - Level 1.5 Stealth
 - Level 4.0 Spellcasting
 + Level 1.5 Conjurations
 - Level 0.7 Summonings
   Level 0.7 Translocations


You had one spell level left.
You knew the following spells:

 Your Spells              Type           Power        Failure   Level  Hunger
a - Magic Dart            Conj           #...         8%          1    N/A
b - Call Imp              Summ           #.......     17%         2    N/A
e - Mephitic Cloud        Conj/Pois/Air  #.......     34%         3    N/A
s - Conjure Flame         Conj/Fire      #.......     32%         3    N/A

Dungeon Overview and Level Annotations

Branches:
Dungeon (3/15)

Altars:


Innate Abilities, Weirdness & Mutations

You do not eat or drink.
Your flesh is vulnerable to fire.
You are immune to poison.
Your flesh is cold resistant. (rC+)
You are immune to negative energy. (rN+++)
You are immune to unholy pain and torment.
You can survive without breathing.


Message History

The magic dart hits the frilled lizard.
You kill the frilled lizard!
Casting: Magic Dart (safe; 8% risk of failure)
Confirm with . or Enter, or press ? or * to list all spells.
Aiming: Magic Dart (safe; 8% risk of failure)
Press: ? - help, Shift-Dir - straight line, f - orc
Aim: an orc, wielding a war axe and wearing a chain mail The magic dart hits the orc.
Casting: Magic Dart (safe; 8% risk of failure)
Confirm with . or Enter, or press ? or * to list all spells.
Aiming: Magic Dart (safe; 8% risk of failure)
Press: ? - help, Shift-Dir - straight line, f/p - orc
Aim: an orc, wielding a war axe and wearing a chain mail The magic dart hits the orc.
Casting: Magic Dart (safe; 8% risk of failure)
Confirm with . or Enter, or press ? or * to list all spells.
Aiming: Magic Dart (safe; 8% risk of failure)
Press: ? - help, Shift-Dir - straight line, f/p - orc
Aim: an orc, wielding a war axe and wearing a chain mail You miscast Magic Dart.
The air around you crackles with energy!
Casting: Magic Dart (safe; 8% risk of failure)
Confirm with . or Enter, or press ? or * to list all spells.
Aiming: Magic Dart (safe; 8% risk of failure)
Press: ? - help, Shift-Dir - straight line, f/p - orc
Aim: an orc, wielding a war axe and wearing a chain mail The magic dart hits the orc.
The orc is moderately wounded.
Casting: Magic Dart (safe; 8% risk of failure)
Confirm with . or Enter, or press ? or * to list all spells.
Aiming: Magic Dart (safe; 8% risk of failure)
Press: ? - help, Shift-Dir - straight line, f/p - orc
Aim: an orc, wielding a war axe and wearing a chain mail (moderately wounded)
The magic dart hits the orc.
The orc is moderately wounded.
The orc closely misses you.
Casting: Magic Dart (safe; 8% risk of failure)
Confirm with . or Enter, or press ? or * to list all spells.
Aiming: Magic Dart (safe; 8% risk of failure)
Press: ? - help, Shift-Dir - straight line, f/p - orc
Aim: an orc, wielding a war axe and wearing a chain mail (moderately wounded)
The magic dart hits the orc.
The orc is severely wounded.
The orc hits you with a war axe.
Casting: Magic Dart (safe; 8% risk of failure)
Confirm with . or Enter, or press ? or * to list all spells.
Aiming: Magic Dart (safe; 8% risk of failure)
Press: ? - help, Shift-Dir - straight line, f/p - orc
Aim: an orc, wielding a war axe and wearing a chain mail (severely wounded)
The magic dart hits the orc.
The orc is almost dead.
The orc hits you with a war axe!
* * * LOW HITPOINT WARNING * * *
Casting: Magic Dart (safe; 8% risk of failure)
Confirm with . or Enter, or press ? or * to list all spells.
You don't have enough magic to cast that spell.
You closely miss the orc.
The orc is almost dead.
The orc barely misses you.
You hit the orc but do no damage.
The orc is almost dead.
The orc hits you with a war axe!
Ouch! That really hurt!
You die...

..................<.+/...........
..)########.##...####..o......###
#.## #......# o..l... # #.#
####.### o..(. # #.# #.# ... #
#.# #.# #'# # #.# #.# #.# #.#
#.##########.# #.#
#..@o.....†..## #.#
###########...## #.# #......#####
#.# #.#...###... ..# #.#...# #...
### #.#.#.###... #..........#
############


You could see an orc.

Vanquished Creatures
  A dart slug (D:1)
  3 orcs (D:3)
  A giant cockroach (D:3)
  2 goblins
  5 hobgoblins
  2 kobolds
  3 bats
  9 frilled lizards
  3 rats
29 creatures vanquished.

Vanquished Creatures (collateral kills)
  An orc priest (D:3)
  An adder (D:3)
  A bat (D:2)
  A goblin (D:2)
  A hobgoblin (D:2)
5 creatures vanquished.

Grand Total: 34 creatures vanquished

Notes
Turn   | Place    | Note
-------+----------+-------------------------------------------
     0 | D:1      | Amnesiac the Mummy Wizard began the quest for the Orb.
     0 | D:1      | Reached XP level 1. HP: 13/13 MP: 5/5
   233 | D:1      | Reached skill level 1 in Conjurations
   264 | D:1      | Reached XP level 2. HP: 20/20 MP: 1/7
   356 | D:1      | Learned a level 2 spell: Call Imp
   680 | D:2      | Reached skill level 1 in Fighting
  1085 | D:3      | Reached XP level 3. HP: 26/26 MP: 4/8
  1108 | D:3      | Learned a level 3 spell: Conjure Flame
  1112 | D:3      | Learned a level 3 spell: Mephitic Cloud
  1638 | D:3      | Slain by an orc

Vault maps used:
D:1:      eino_arrival_cavern_a, minmay_lizard_pond
D:2:      grunt_dithmenos_smoke_and_mirrors
D:3:      overflow_temple_1_default, first_ration, uniq_natasha

Skill      XL: |  1  2 |
---------------+-------+-----
Conjurations   | 1 |  1.5
Dodging        | 2 |  2.7
Fighting       | 1 |  1.4
Stealth        | |  1.5
Spellcasting   | |  4.0
Summonings     | |  0.7
Translocations | |  0.7

Action                   || total
-------------------------++-------
Melee: Unarmed           ||    18
       War axe           ||     2
Throw: Stone             ||    11
 Cast: Magic Dart        ||    67
       Call Imp          ||     6
       Mephitic Cloud    ||     1
Armor: Robe              ||    23
Dodge: Dodged            ||    58

Table legend:
 A = Spawn XP
 B = Non-spawn XP
 C = Spawn XP percentage of total XP
 D = Spawn monster count
 E = Non-spawn monster count
 F = Spawn count percentage of total count
 G = Total turns spent on level
                    A         B        C        D         E        F      G
               +---------+---------+-------+---------+---------+-------+---------
         Total |       0 |      88 |   0.0 |       0 |      34 |   0.0 |  1638
               +---------+---------+-------+---------+---------+-------+---------
           D:1 |       0 |      21 |   0.0 |       0 |      13 |   0.0 |   493
           D:2 |       0 |      10 |   0.0 |       0 |       7 |   0.0 |   507
           D:3 |       0 |      57 |   0.0 |       0 |      14 |   0.0 |   638
               +---------+---------+-------+---------+---------+-------+---------
